 Dungeon Crawl Stone Soup version 0.30-a0-782-ge64f9170bb (webtiles) character file.

Game seed: 2027971674799626658

44 kae the Firebug (level 3, -6/19 HPs)
             Began as a Tengu Fire Elementalist on Feb 28, 2023.
             Killed from afar by Jessica (14 damage)
             ... with a bolt of light
             ... on level 2 of the Dungeon.
             The game lasted 00:01:00 (1097 turns).

kae the Firebug (Tengu Fire Elementalist)           Turns: 1097, Time: 00:01:00

Health: -6/19      AC:  2    Str:  8    XL:     3   Next: 62%
Magic:  3/7        EV: 12    Int: 17    God:
Gold:   143        SH:  0    Dex: 14    Spells: 0/6 levels left

rFire   . . .      SeeInvis .    (no weapon)
rCold   . . .      Faith    .    (no shield)
rNeg    . . .      Spirit   .    a - +0 robe
rPois   .          Reflect  .    (helmet restricted)
rElec   .          Harm     .    (no cloak)
rCorr   .          Rampage  .    (no gloves)
Will    .....                    (boots unavailable)
Stlth   ++                       (no amulet)
HPRegen 0.23/turn                (no ring)
MPRegen 0.10/turn                (no ring)

@: no status effects
A: beak, talons 3
a: no special abilities


You were on level 2 of the Dungeon.
You visited 1 branch of the dungeon, and saw 2 of its levels.

You collected 143 gold pieces.


Innate Abilities, Weirdness & Mutations

You have a beak for a mouth.
You have claws for feet.


   Skills:
 - Level 2.1 Dodging
 - Level 2.0 Stealth
 + Level 2.3 Spellcasting
 * Level 3.0 Conjurations
 * Level 4.0 Fire Magic


You couldn't memorise any spells.
You knew the following spells:

 Your Spells              Type           Power      Damage    Failure   Level
a - Foxfire               Conj/Fire      56%        2x1d6     4%          1
b - Scorch                Fire           30%        2d6       5%          2
c - Inner Flame           Hex/Fire       8%         N/A       24%         3

Your spell library contained the following spells:

 Spells                   Type           Power      Damage    Failure   Level
 Kindle Blastsparks       Fire/Tloc/Air  12%        2d11      32%         3
 Flame Wave               Conj/Fire      14%        2d6       41%         4

Inventory:

Missiles
 d - 10 stones
Armour
 a - a +0 robe (worn)
Magical Staves
 g - a staff of earth {!a}
   (You found it on level 2 of the Dungeon)
Scrolls
 h - 3 scrolls of butterflies {unknown}
Potions
 b - a potion of magic
 c - 2 potions of might {unknown}
 e - a potion of curing {unknown}
 f - 2 potions of flight

Dungeon Overview and Level Annotations

Branches:
Dungeon (2/15) Zot: 10902

Altars:

Shops:
D:1 =

Annotations:
D:2 Jessica

.......#.. .......#..
#....$#.. #.....#.#
###### #.....#.# .
.....# ###.....#@# ...
.....# #.......#!#<....
.....####.......@....#
................#.#..#
.........##.....#.#..#
...........#...........
.............#.##.##.##
.....##......#.# ...
..##...........# .....
......##......## ......
.####..#......# .......


You could see Jessica (combustible).


Message History

There is a stone staircase leading down here.
You climb downwards.
There is a stone staircase leading up here.
Okay, then.
Okay, then.
As you read the scroll labelled HOYTHA GYPOPS, it crumbles to dust.
You hear a loud clanging noise!
It was a scroll of noise.
You hear a shout!
You hear a bark!
You hear a shout! x2
Unknown command.
As you read the scroll labelled UNIYPR SIGATA, it crumbles to dust.
You feel strangely unstable.
It was a scroll of teleportation.
As you read the scroll labelled XYIZAJ ACLA, it crumbles to dust.
It is a scroll of identify.
f - a potion of flight A goblin comes into view.
It is wielding a +2 dagger of venom.
A goblin is nearby!
A goblin is nearby!
A goblin is nearby!
Casting: Foxfire (safe; 6% risk of failure)
Confirm with . or Enter, or press ? or * to list all spells.
You conjure some foxfire!
Your surroundings suddenly seem different. 😎 MP[-1]
You lost 1 mp, and now have 5/6 mp.
e - a red potion
Casting: Foxfire (safe; 6% risk of failure)
Confirm with . or Enter, or press ? or * to list all spells.
You conjure some foxfire!
Found a stone staircase leading down.
g - a staff of earth {!a} You now have 124 gold pieces (gained 12).
You now have 131 gold pieces (gained 7).
f - 2 potions of flight (gained 1)
h - 3 scrolls labelled YGYOGONNEI 😎 MP[+1]
Your mp is fully restored (6).
You now have 143 gold pieces (gained 12).
Natasha, Servant of Life and Death comes into view.
Found a stone staircase leading up.
Okay, then.
Natasha is nearby!
Natasha is nearby!
Natasha is nearby!
Casting: Foxfire (safe; 6% risk of failure)
Confirm with . or Enter, or press ? or * to list all spells.
You conjure some foxfire! 😎 MP[-1]
You lost 1 mp, and now have 5/6 mp.
Casting: Foxfire (safe; 6% risk of failure)
Confirm with . or Enter, or press ? or * to list all spells.
You conjure some foxfire!
The foxfire hits Natasha.
Natasha hisses angrily.
Natasha howls an incantation.
You feel disoriented.
The foxfire hits Natasha.
Natasha mumbles some strange words. 😎 MP[-1]
You lost 1 mp, and now have 4/6 mp.
Casting: Foxfire (safe; 6% risk of failure)
Confirm with . or Enter, or press ? or * to list all spells.
You conjure some foxfire!
The foxfire hits Natasha.
The foxfire hits Natasha.
You kill Natasha!
Natasha yowls pathetically as she dies!
The crimson imp disappears in a puff of smoke!
Your Conjurations skill increases to level 3!
Your Fire Magic skill increases to level 4!
You have reached level 3!
Your experience leads to an increase in your attributes!
Increase (S)trength, (I)ntelligence, or (D)exterity?
You feel clever. x2 😎 HP[+4] MP[-1]
You now have 19 max hp (+4).
Your hp is fully restored (19).
Memorise Scorch, consuming 2 spell levels and leaving 3?
You start memorising the spell.
You continue memorising. x2
You finish memorising.
Spell assigned to 'b'.
This spell is astonishingly dangerous to cast!
Memorise Inner Flame, consuming 3 spell levels and leaving 0?
You start memorising the spell.
You continue memorising. x3
You finish memorising.
Spell assigned to 'c'. 😎 MP[+1] Jessica the Apprentice Sorceress comes into view.
She is wielding a +0 club and carrying a wand of light (13).
Jessica shouts!
Jessica casts a spell at you. Pain shoots through your body!
Ouch! That really hurt!
* * * LOW HITPOINT WARNING * * *
Jessica is nearby! 😨 HP[-12] MP[+1]
You take 12 damage, and now have 7/19 hp.
MASSIVE DAMAGE!! (PAUSE)
Casting: Foxfire (safe; 4% risk of failure)
Confirm with . or Enter, or press ? or * to list all spells.
Flames lash Jessica.
Jessica's fire resistance burns away.
Jessica zaps a wand.
The bolt of light hits you!
Ouch! That really hurt!
You die...

Skill      XL: |  1  2 |
---------------+-------+-----
Conjurations   | 2 3 |  3.0
Fire Magic     | 4 |  4.0
Dodging        | |  2.1
Stealth        | |  2.0
Spellcasting   | |  2.3

Action                     || total
---------------------------++-------
   Cast: Foxfire           ||    41
         Scorch            ||     1
    Use: Scroll            ||     3
 Armour: Robe              ||     3
  Dodge: Dodged            ||     9

Levels and vault maps discovered:
D:1:      dpeg_arrival_simpleton_c, layout_loops_corners,
          hellmonk_ecumenical_altar_watching_god, serial_shops,
          nicolae_shop_window_shopping, minmay_gold_behind_fungi,
          hangedman_decor_points, nrook_mini_vaults
D:2:      layout_basic, basic_altar, minmay_split_cup_large, uniq_jessica,
          uniq_natasha

Notes
Turn   | Place    | Note
-------+----------+-------------------------------------------
     0 | D:1      | kae the Tengu Fire Elementalist began the quest for the
                  | Orb.
     0 | D:1      | Reached XP level 1. HP: 10/10 MP: 4/4
     0 | D:1      | magus.rc [v1.11.3]
   307 | D:1      | Reached skill level 2 in Conjurations
   307 | D:1      | Reached XP level 2. HP: 15/15 MP: 3/6
   408 | D:1      | Found a faded altar of an unknown god.
   410 | D:1      | Noticed a golden eye
   411 | D:1      | Noticed a floating eye
   417 | D:1      | Noticed a great orb of eyes
   431 | D:1      | Noticed a shining eye
   865 | D:1      | Found Kibeq's Jewellery Shoppe.
  1071 | D:2      | Noticed Natasha
  1077 | D:2      | Noticed a crimson imp
  1078 | D:2      | Killed Natasha
  1079 | D:2      | Reached skill level 3 in Conjurations
  1079 | D:2      | Reached skill level 4 in Fire Magic
  1079 | D:2      | Reached XP level 3. HP: 19/19 MP: 3/7
  1082 | D:2      | Learned a level 2 spell: Scorch
  1086 | D:2      | Learned a level 3 spell: Inner Flame
  1095 | D:2      | Noticed Jessica
  1097 | D:2      | Killed from afar by Jessica

Vanquished Creatures
  Natasha (D:2)
  2 endoplasms (D:1)
  A giant cockroach (D:1)
  A goblin (D:1)
  A hobgoblin (D:1)
  3 kobolds (D:1)
  A quokka (D:1)
  3 ball pythons (D:1)
  4 bats (D:1)
  A rat (D:1)
18 creatures vanquished.

Vanquished Creatures (collateral kills)
  2 foxfires (D:1)
2 creatures vanquished.

Vanquished Creatures (others)
  63 foxfires
  3 toadstools (D:1)
66 creatures vanquished.

Grand Total: 86 creatures vanquished

Table legend:
 A = Non-vault XP
 B = Vault XP
 C = Vault XP percentage of total XP
 D = Non-vault monster count
 E = Vault monster count
 F = Vault count percentage of total count
                 A         B        C        D         E       F
            +---------+---------+-------+---------+---------+-------
      Total |      29 |      35 |  54.7 |      17 |       1 |   5.6
            +---------+---------+-------+---------+---------+-------
        D:1 |      29 |       0 |   0.0 |      17 |       0 |   0.0
        D:2 |       0 |      35 | 100.0 |       0 |       1 | 100.0
            +---------+---------+-------+---------+---------+-------

Illustrated notes

Table legend:
 A = Kills in this place as a percentage of kills in entire the game.
 B = Kills by you in this place as a percentage of kills by you in the entire game.
 C = Kills by friends in this place as a percentage of kills by friends in the entire game.
 D = Other kills in this place as a percentage of other kills in the entire game.
 E = Experience gained in this place as a percentage of experience gained in the entire game.
 F = Experience gained in this place divided by the number of levels of this place that you have seen.
                   A       B       C       D       E      F
               +-------+-------+-------+-------+-------+----------------------
         Total | 100.0 | 100.0 |   N/A |   N/A | 100.0 |  32.0
       Dungeon | 100.0 | 100.0 |   N/A |   N/A | 100.0 |  32.0
               +-------+-------+-------+-------+-------+----------------------

Table legend: (Time is in decaauts)
 A = Elapsed time spent in this place.
 B = Non-inter-level travel time spent in this place.
 C = Inter-level travel time spent in this place.
 D = Time resting spent in this place.
 E = Time spent auto-exploring this place.
 F = Levels seen in this place.
 G = Mean time per level.
                   A        B        C        D        E       F      G
               +--------+--------+--------+--------+--------+-----+--------+
         Total |   1096 |   1021 |     75 |      0 |    865 |   2 |  548.0 |
       Dungeon |   1096 |   1021 |     75 |      0 |    865 |   2 |  548.0 |
               +--------+--------+--------+--------+--------+-----+--------+

Top non-repeatable levels by time:
     D:1: 1026 daAuts
     D:2: 70 daAuts
